 Dungeon Crawl Stone Soup version 0.32-a0-468-g38b2580584 (webtiles) character file.

Game seed: 1050651791249786248

666 mopl the Shooter (level 7, -14/43 HPs)
             Began as an Octopode Hexslinger on Feb 24, 2024.
             Was a Follower of Okawaru.
             Demolished by a wyvern (17 damage)
             ... on level 6 of the Dungeon.
             The game lasted 00:07:17 (3845 turns).

mopl the Shooter (Octopode Hexslinger)              Turns: 3845, Time: 00:07:17

Health: -14/43     AC:  1    Str: 14    XL:     7   Next: 57%
Magic:  7/12       EV: 16    Int: 15    God:    Okawaru [*.....]
Gold:   70         SH:  0    Dex: 16    Spells: 7/12 levels left

rFire   . . .        b - +2 dagger (elec)
rCold   . . .        l - orb {light}
rNeg    . . .        (helmet restricted)
rPois   +            k - amulet of faith {!P}
rElec   .            p - +6 ring of strength
rCorr   .            r - ring of poison resistance
SInv    .            (no ring)
Will    .....        (no ring)
Stlth   ++           (no ring)
HPRegen 0.27/turn    (no ring)
MPRegen 0.13/turn    (no ring)
                     (no ring)

%: faith
@: heroic, glowing
A: almost no armour, amphibious, 8 rings, camouflage 1, gelatinous body 1,
(nimble swimmer 1), tentacles
a: Renounce Religion, Heroism


You were on level 6 of the Dungeon.
You worshipped Okawaru.
Okawaru was aware of your devotion.
You visited 1 branch of the dungeon, and saw 6 of its levels.

You collected 216 gold pieces.
You spent 146 gold pieces at shops.

Inventory:

Hand Weapons
 a - a +1 sling
 b - a +2 dagger of electrocution (weapon)
 y - a +0 short sword of venom
Missiles
 i - 5 atropa-tipped darts
 v - 4 javelins
Armour
 l - an orb of light (worn)
 n - a +0 kite shield
Jewellery
 k - an amulet of faith (around mantle) {!P}
 p - a +6 ring of strength (left tentacle)
 r - a ring of poison resistance (right tentacle)
 B - a ring of willpower
Talismans
 m - a beast talisman
Scrolls
 c - a scroll of revelation {unknown}
 e - 3 scrolls of teleportation
 g - 2 scrolls of fog
 o - a scroll of summoning {unknown}
 s - a scroll of amnesia {unknown}
 u - a scroll of torment {unknown}
 w - a scroll of fear
Potions
 d - 3 potions of curing {unknown}
 f - a potion of cancellation {unknown}
 h - 3 potions of might {unknown}
 j - 2 potions of berserk rage {unknown}
 q - a potion of mutation {unknown}
 t - 2 potions of attraction {unknown}
 x - a potion of invisibility
 z - a potion of haste
 A - a potion of heal wounds


   Skills:
 - Level 1.0(6.0) Fighting
 * Level 5.8(10.8) Ranged Weapons
 - Level 2.0(7.0) Dodging
 + Level 3.4 Spellcasting
 + Level 4.8 Hexes
 - Level 1.0 Fire Magic
 + Level 1.9 Invocations


You had 7 spell levels left.
You knew the following spells:

 Your Spells              Type           Power      Damage    Failure   Level
a - Jinxbite              Hex            34%        N/A       4%          2
b - Sigil of Binding      Hex            17%        N/A       8%          3

Your spell library contained the following spells:

 Spells                   Type           Power      Damage    Failure   Level
 Inner Flame              Hex/Fire       11%        N/A       17%         3
 Sting                    Conj/Alch      8%         1d3       19%         1
 Dazzling Flash           Conj/Hex       18%        N/A       22%         3
 Cause Fear               Hex            8%         N/A       26%         4
 Lesser Beckoning         Tloc           4%         N/A       28%         2
 Mercury Vapours          Alch/Air       4%         N/A       28%         2
 Volatile Blastmotes      Fire/Tloc      8%         2d10      43%         3
 Gell's Gravitas          Tloc           2%         N/A       50%         3
 Teleport Other           Tloc           2%         N/A       50%         3
 Dimensional Bullseye     Hex/Tloc       4%         N/A       56%         4
 Olgreb's Toxic Radiance  Alch           2%         N/A       88%         4
 Starburst                Conj/Fire      2%         6d3       100%        6
 Maxwell's Capacitive Co  Air            1%         ∞         100%        8
 Summon Small Mammal      Summ           Unusable   N/A       N/A         1
 Call Canine Familiar     Summ           Unusable   N/A       N/A         3
 Summon Blazeheart Golem  Fire/Summ      Unusable   N/A       N/A         4

Dungeon Overview and Level Annotations

Branches:
Dungeon (6/15)
 Temple: D:4-7

Altars:
Makhleb
Okawaru
Trog

Shops:
D:2 [?[??


Innate Abilities, Weirdness & Mutations

You cannot wear most types of armour.
You are amphibious.
You can wear up to eight rings at the same time.
Your skin changes colour to match your surroundings (Stealth+).
Your rubbery body absorbs attacks. (AC +1, EV +1)
((You are camouflaged when in or above water. (Stealth+)))
You have tentacles for arms and can constrict up to eight enemies at once.


Message History

b - a +2 dagger of electrocution (weapon)
The wyvern bites you!
You gain the combat prowess of a mighty hero.
The wyvern closely misses you. The wyvern barely misses you.
You hit the wyvern but do no damage. Lightning courses through the wyvern!
The wyvern is heavily wounded.
The wyvern bites you.
You hit the wyvern but do no damage.
The wyvern is heavily wounded.
The wyvern barely misses you.
You hit the wyvern.
The wyvern is heavily wounded.
The wyvern bites you.
You hit the wyvern but do no damage.
The wyvern is heavily wounded.
The wyvern closely misses you.
You barely miss the wyvern. You squeeze the wyvern.
The wyvern is heavily wounded.
The wyvern bites you.
You hit the wyvern.
The wyvern is severely wounded.
The wyvern closely misses you. The wyvern bites you.
You hit the wyvern.
The wyvern is almost dead.
The wyvern is no longer moving quickly.
The wyvern barely misses you.
You hit the wyvern but do no damage.
The wyvern is almost dead.
Your binding sigils disappear.
The wyvern barely misses you.
You hit the wyvern.
The wyvern is almost dead.
The wyvern bites you.
You hit the wyvern. Your squeeze misses the wyvern.
The wyvern is almost dead.
The wyvern bites you!
* * * LOW HITPOINT WARNING * * *
You completely miss the wyvern.
The wyvern is almost dead.
The wyvern bites you!
You die...

#..#.# ################.#..#
#### ##..)....~..##....#.##
#≈≈###~~...~.~..~.#.####.#
##≈##)....~....~..~.## #.# #
#≈≈≈≈≈~~≈~~≈~~~≈~≈≈≈###.# ..
##≈≈≈≈~)~~≈≈~~~~~≈≈≈≈≈#.# #.
#####).~~~~~~..~....####.# ..
#.....#~....k@~~)######..#
..##....##.................##
........##..........########
.#.#....##.......>..#
.#.k....##..........#
...##...######..#..##
...!....# #..##.# ..^.#...#
#####)# ........# ####≈≈≈≈##


You could see a wyvern.

Vanquished Creatures
  Pargi (D:3)
  An ogre (D:5)
  A gnoll sergeant (D:6)
  A bombardier beetle (D:5)
  A howler monkey (D:5)
  2 hounds (D:5)
  Terence (D:2)
  An iguana (D:5)
  9 gnolls
  4 adders
  A shadow imp (D:6)
  A white imp (D:5)
  2 ufetubi (D:5)
  2 ribbon worms (D:2)
  4 dart slugs
  8 orcs
  8 endoplasms
  3 giant cockroaches (D:1)
  5 goblins
  7 hobgoblins
  3 quokkas
  9 ball pythons
  A bat (D:1)
  4 frilled lizards
  5 kobolds
  4 rats
89 creatures vanquished.

Notes
Turn   | Place    | Note
-------+----------+-------------------------------------------
     0 | D:1      | mopl the Octopode Hexslinger began the quest for the Orb.
     0 | D:1      | Reached XP level 1. HP: 13/13 MP: 2/2
    69 | D:1      | Reached XP level 2. HP: 18/18 MP: 3/3
   114 | D:1      | Learned a level 2 spell: Jinxbite
   413 | D:1      | Found a faded altar of an unknown god.
   478 | D:1      | Reached XP level 3. HP: 23/23 MP: 5/5
   694 | D:2      | Reached skill level 3 in Ranged Weapons
   740 | D:2      | Found Betaug's Magic Scroll Boutique.
   748 | D:2      | Bought a scroll of identify for 22 gold pieces
   910 | D:2      | Found Necka's Magic Scroll Boutique.
  1018 | D:2      | Noticed Terence
  1028 | D:2      | Killed Terence
  1029 | D:2      | Reached skill level 2 in Spellcasting
  1029 | D:2      | Reached XP level 4. HP: 15/28 MP: 4/7
  1073 | D:2      | Found Iwecefesh's Magic Scroll Shoppe.
  1136 | D:2      | Bought a scroll of noise for 11 gold pieces
  1139 | D:3      | Noticed Pargi
  1194 | D:2      | Found Qujiz's Antique Armour Shoppe.
  1265 | D:2      | Found Wam Bae's Antique Armour Shop.
  1497 | D:3      | Killed Pargi
  1498 | D:3      | Reached skill level 4 in Ranged Weapons
  1498 | D:3      | Reached XP level 5. HP: 29/33 MP: 8/8
  1730 | D:3      | Learned a level 3 spell: Sigil of Binding
  1977 | D:3      | Found a burning altar of Makhleb.
  2033 | D:2      | Bought a scroll of teleportation for 33 gold pieces
  2073 | D:2      | Bought a scroll of fear for 40 gold pieces
  2126 | D:4      | Reached skill level 4 in Hexes
  2661 | D:4      | Reached XP level 6. HP: 38/38 MP: 9/9
  2861 | D:2      | Bought a scroll of fog for 40 gold pieces
  2926 | D:5      | Entered Level 5 of the Dungeon
  3092 | D:5      | Reached skill level 5 in Ranged Weapons
  3222 | D:5      | Found an iron altar of Okawaru.
  3232 | D:5      | Became a worshipper of Warmaster Okawaru
  3284 | D:5      | Reached skill level 3 in Spellcasting
  3486 | D:5      | Reached * piety under Okawaru
  3487 | D:5      | Reached skill level 1 in Invocations
  3487 | D:5      | Reached XP level 7. HP: 33/43 MP: 11/11
  3578 | D:5      | Found a bloodstained altar of Trog.
  3815 | D:6      | Noticed a wyvern
  3845 | D:6      | Demolished by a wyvern

Illustrated notes

Levels and vault maps discovered:
D:1:      reono_arrival_forest_river, layout_loops_cross,
          hellmonk_ecumenical_altar_leap_of_faith, minivault_26
D:2:      layout_loops_cross, serial_shops, nicolae_shop_gibbet_a_chance, shop,
          shop, shop, nicolae_shop_rolled_up, uniq_terence
D:3:      layout_basic, lightli_temple_of_fire, uniq_pargi
D:4:      layout_rooms, serial_rivers, chequers_serial_rivers_large_a,
          chequers_serial_rivers_marsh, chequers_serial_rivers_micro_b,
          chequers_serial_rivers_small_b, minmay_misc_feat_tower
D:5:      layout_gridville, general_overflow_altar, kennysheep_okawaru_gauntlet
D:6:      nicolae_cairo_tiling_large_dashed, layout_rooms,
          grunt_temple_overflow_opulence, gammafunk_temple_overflow_elements,
          serial_rivers, chequers_serial_rivers_marsh,
          chequers_serial_rivers_micro_d, chequers_serial_rivers_room_a,
          chequers_serial_rivers_large_b, chequers_serial_rivers_small_3,
          chequers_serial_rivers_micro_e

Skill      XL: |  1  2  3  4  5  6 |
---------------+-------------------+-----
Ranged Weapons | 3 4 5 |  5.8
Spellcasting   | 2 3 |  3.4
Hexes          | 4 |  4.8
Invocations    | 1 |  1.9
Fighting       | |  1.0
Dodging        | |  2.0
Fire Magic     | |  1.0

Action                     |  1- 3 |  4- 6 |  7- 9 || total
---------------------------+-------+-------+-------++-------
  Melee: Constrict         |     1 |     5 |       ||     6
         Tentacles         |     1 |     3 |     1 ||     5
         Unarmed           |     1 |       |       ||     1
         Dagger            |       |    15 |    11 ||    26
   Fire: Sling             |    91 |   146 |    92 ||   329
  Throw: Throwing net      |       |     1 |       ||     1
   Cast: Jinxbite          |     8 |       |       ||     8
         Sigil of Binding  |       |       |     2 ||     2
 Invoke: Heroism           |       |       |     1 ||     1
    Use: Scroll            |       |     4 |       ||     4
 Armour: Skin              |    10 |    38 |    16 ||    64
  Dodge: Dodged            |    11 |    47 |    15 ||    73

Table legend: (Time is in decaauts)
 A = Elapsed time spent in this place.
 B = Non-inter-level travel time spent in this place.
 C = Inter-level travel time spent in this place.
 D = Time resting spent in this place.
 E = Time spent auto-exploring this place.
 F = Levels seen in this place.
 G = Mean time per level.
                   A        B        C        D        E       F      G
               +--------+--------+--------+--------+--------+-----+--------+
         Total |   3899 |   3458 |    441 |    332 |   2294 |   6 |  649.8 |
       Dungeon |   3899 |   3458 |    441 |    332 |   2294 |   6 |  649.8 |
               +--------+--------+--------+--------+--------+-----+--------+

Top non-repeatable levels by time:
     D:2: 1036 daAuts
     D:5: 698 daAuts
     D:4: 688 daAuts
     D:1: 651 daAuts
     D:3: 588 daAuts
     D:6: 235 daAuts
